 Dungeon Crawl Stone Soup version 0.29.0-4-gdea44cf6ec (webtiles) character file.

Game seed: 12086119755719324082

149 qw the Ruffian (level 5, -1/42 HPs)
             Began as a Ghoul Fire Elementalist on Aug 29, 2022.
             Slain by a gnoll
             ... wielding a +0 halberd
              (6 damage)
             ... while paralysed by Grinder
             ... on level 3 of the Dungeon.
             The game lasted 00:01:51 (2775 turns).

qw the Ruffian (Ghoul Fire Elementalist)            Turns: 2775, Time: 00:01:52

Health: -1/42      AC:  8    Str: 14    XL:     5   Next: 31%
Magic:  6/6        EV:  2    Int: 10    God:
Gold:   95         SH:  0    Dex:  9    Spells: 6/7 levels left

rFire   . . .      SeeInvis +     - Unarmed
rCold   + . .      Faith    .   i - +0 buckler
rNeg    + + +      Spirit   .   c - +0 chain mail
rPois   inf        Reflect  .   (no helmet)
rElec   .          Harm     .   (no cloak)
rCorr   .          Rampage  .   (no gloves)
Will    .....                   (no boots)
Stlth   ..........              (no amulet)
HPRegen 0.00/turn               b - ring of see invisible
MPRegen 0.10/turn               (no ring)

@: paralysed, inhibited regen
A: claws 1, cold resistance 1, negative energy resistance 3, inhibited
regeneration, torment resistance 2, devour on kill
a: no special abilities


You were on level 3 of the Dungeon.
You visited 1 branch of the dungeon, and saw 3 of its levels.

You collected 95 gold pieces.


Innate Abilities, Weirdness & Mutations

You are immune to poison.
You have sharp fingernails.
Your flesh is cold resistant. (rC+)
You are immune to negative energy. (rN+++)
You do not regenerate when monsters are visible.
You are immune to unholy pain and torment.
You thrive by killing the living.


   Skills:
 - Level 2.3 Fighting
 + Level 0.1 Armour
 - Level 1.7 Dodging
 - Level 2.1 Stealth
 - Level 1.4 Shields
 - Level 4.0 Unarmed Combat
 - Level 1.7 Spellcasting
 - Level 0.7 Conjurations
 - Level 2.4 Fire Magic


You had 6 spell levels left.
You knew the following spells:

 Your Spells              Type           Power      Damage    Failure   Level
a - Foxfire               Conj/Fire      16%        2x1d4     100%        1

Your spell library contained the following spells:

 Spells                   Type           Power      Damage    Failure   Level
 Scorch                   Fire           10%        2d5       100%        2
 Conjure Flame            Conj/Fire      4%         6-21      100%        3
 Inner Flame              Hex/Fire       3%         N/A       100%        3
 Flame Wave               Conj/Fire      4%         2d5       100%        4

Inventory:

Missiles
 h - a boomerang (quivered)
Armour
 c - a +0 chain mail (worn)
 i - a +0 buckler (worn)
Jewellery
 b - a ring of see invisible (left claw)
Potions
 d - a potion of might {unknown}
 e - a potion of degeneration {unknown}
 g - a potion of curing {unknown}

Dungeon Overview and Level Annotations

Branches:
Dungeon (3/15)

Altars:
Vehumet

Annotations:
D:3 Grinder


Message History

(D) Dungeon
Where to? (* - list waypoints, Enter - D:2, ? - help)
What level of the Dungeon? (default 1, ? - help)
There is a stone staircase leading down here.
You climb downwards.
The gnoll shouts! x3
There is a stone staircase leading up here.
There are monsters nearby!
Existing waypoints: (1) D:2 (2) D:1 Assign waypoint to what number? (0-9, D - delete waypoint) Waypoint 2 re-assigned from D:1 to D:3.
Enter note: A bat comes into view.
The gnoll hits you with a +0 club.
You barely miss the gnoll. You scratch the gnoll but do no damage.
The bat hits you but does no damage. The gnoll barely misses you. x2
Grinder comes into view.
She is carrying a wand of flame (15).
You closely miss the gnoll.
Grinder shouts!
You hear a shout!
The bat hits you but does no damage. The gnoll hits you with a +0 club.
Grinder blinks!
The gnoll hits you from afar with a +0 halberd.
The bat barely misses you.
You claw the gnoll!
The gnoll is severely wounded.
The bat hits you but does no damage. The gnoll barely misses you.
Grinder gestures at you.
You suddenly lose the ability to move!
The gnoll hits you from afar with a +0 halberd!
The bat hits you but does no damage. The gnoll hits you with a +0 club.
The gnoll hits you from afar with a +0 halberd!
The bat hits you but does no damage. The gnoll hits you with a +0 club.
The gnoll hits you with a +0 flail.
The gnoll hits you from afar with a +0 halberd.
Grinder blinks!
The bat hits you but does no damage. The gnoll barely misses you.
The gnoll hits you from afar with a +0 halberd.
You die...

#........# ##
#........##.
#..........
#.........#####
#..........ยค...
#......5.......
#.....bg.......
#......@gg...#
#......g.###..#
#........#
##########


You could see Grinder, 4 gnolls and a bat.

Vanquished Creatures
  Natasha (thrice) (D:2)
  3 adders (D:2)
  A dart slug (D:2)
  4 ball pythons
  6 bats
  7 endoplasms
  3 goblins
  7 hobgoblins
  2 kobolds
  A quokka (D:1)
  2 frilled lizards (D:1)
  5 rats
44 creatures vanquished.

Notes
Turn   | Place    | Note
-------+----------+-------------------------------------------
     0 | D:1      | qw the Ghoul Fire Elementalist began the quest for the Orb.
     0 | D:1      | Reached XP level 1. HP: 14/14 MP: 2/2
     0 | D:1      | 0 ||| qw: Version: 0.1-a-90-g952f4b7
     0 | D:1      | 0 ||| qw: Game counter: 3775
     0 | D:1      | 0 ||| qw: Always use a shield: true
     0 | D:1      | 0 ||| qw: God list: Okawaru
     0 | D:1      | 0 ||| qw: Allow faded altars: false
     0 | D:1      | 0 ||| qw: Do Orc after D:15 true
     0 | D:1      | 0 ||| qw: Do second Lair branch before Depths: true
     0 | D:1      | 0 ||| qw: Lair rune preference: random
     0 | D:1      | 0 ||| qw: Plans: Normal
     0 | D:1      | 0 ||| PLANNING D:1-11
   100 | D:1      | Reached skill level 1 in Unarmed Combat
   134 | D:1      | 134 ||| Stepping ~*~*~tactically~*~*~ (stealth).
   242 | D:1      | Reached skill level 1 in Fighting
   242 | D:1      | Reached XP level 2. HP: 15/23 MP: 3/3
   303 | D:1      | 303 ||| Stepping ~*~*~tactically~*~*~ (stealth).
   383 | D:1      | 383 ||| Stepping ~*~*~tactically~*~*~ (stealth).
   385 | D:1      | 385 ||| Stepping ~*~*~tactically~*~*~ (stealth).
   389 | D:1      | 389 ||| Stepping ~*~*~tactically~*~*~ (stealth).
   398 | D:1      | 398 ||| Stepping ~*~*~tactically~*~*~ (outnumbered).
   399 | D:1      | 399 ||| Stepping ~*~*~tactically~*~*~ (outnumbered).
   525 | D:1      | Reached skill level 2 in Unarmed Combat
   577 | D:1      | Found a faded altar of an unknown god.
   662 | D:1      | 662 ||| Stepping ~*~*~tactically~*~*~ (outnumbered).
   663 | D:1      | 663 ||| Stepping ~*~*~tactically~*~*~ (outnumbered).
   664 | D:1      | 664 ||| Stepping ~*~*~tactically~*~*~ (outnumbered).
   666 | D:1      | 666 ||| Stepping ~*~*~tactically~*~*~ (outnumbered).
   668 | D:1      | 668 ||| Stepping ~*~*~tactically~*~*~ (outnumbered).
   670 | D:1      | Reached XP level 3. HP: 19/28 MP: 4/4
  1015 | D:1      | 1015 ||| UPGRADING to +0 chain mail.
  1025 | D:1      | 1025 ||| DROPPING +0 robe.
  1026 | D:1      | 1026 ||| UPGRADING to +0 buckler.
  1031 | D:1      | 1031 ||| READING scroll labelled XYZAVIU ICUC ENA.
  1032 | D:1      | 1032 ||| READING scroll labelled GUELOT YKIODGH.
  1033 | D:1      | 1033 ||| READING 3 scrolls labelled HERADUAGEPH.
  1034 | D:1      | 1034 ||| READING scroll labelled UBUSHO QIUCO.
  1035 | D:1      | 1035 ||| DROPPING potion of magic.
  1036 | D:1      | 1036 ||| DROPPING 2 scrolls of noise.
  1097 | D:2      | 1097 ||| STAIRDANCE
  1239 | D:2      | Reached skill level 3 in Unarmed Combat
  1328 | D:2      | Identified the +3 dagger of Bofatouca {venom, Int+3 Stlth+}
  1376 | D:2      | Noticed Natasha
  1384 | D:2      | Killed Natasha
  1385 | D:2      | Reached XP level 4. HP: 11/35 MP: 5/5
  1748 | D:2      | Reached skill level 4 in Unarmed Combat
  1755 | D:2      | 1755 ||| Stepping ~*~*~tactically~*~*~ (hiding).
  1778 | D:2      | Noticed Natasha
  1779 | D:2      | 1779 ||| Stepping ~*~*~tactically~*~*~ (stealth).
  1780 | D:2      | 1780 ||| Stepping ~*~*~tactically~*~*~ (stealth).
  1836 | D:2      | 1836 ||| Stepping ~*~*~tactically~*~*~ (hiding).
  1838 | D:2      | 1838 ||| Stepping ~*~*~tactically~*~*~ (hiding).
  1849 | D:2      | HP: 2/35 [Natasha/bolt of dispelling energy (10)]
  1852 | D:2      | Killed Natasha
  2214 | D:2      | Found a radiant altar of Vehumet.
  2256 | D:2      | Reached XP level 5. HP: 39/42 MP: 6/6
  2446 | D:2      | Noticed Natasha
  2448 | D:2      | 2448 ||| FLEEEEING.
  2449 | D:2      | 2449 ||| FLEEEEING.
  2450 | D:2      | 2450 ||| FLEEEEING.
  2451 | D:2      | 2451 ||| FLEEEEING.
  2452 | D:2      | 2452 ||| FLEEEEING.
  2453 | D:2      | 2453 ||| FLEEEEING.
  2454 | D:2      | 2454 ||| FLEEEEING.
  2455 | D:2      | 2455 ||| FLEEEEING.
  2456 | D:2      | 2456 ||| FLEEEEING.
  2457 | D:2      | 2457 ||| FLEEEEING.
  2461 | D:2      | 2461 ||| FLEEEEING.
  2462 | D:2      | 2462 ||| FLEEEEING.
  2463 | D:2      | 2463 ||| FLEEEEING.
  2476 | D:2      | HP: 10/42 [Natasha/magic dart (4)]
  2478 | D:2      | Killed Natasha
  2479 | D:2      | Reached skill level 1 in Shields
  2740 | D:2      | 2740 ||| UPGRADING to ring of see invisible.
  2741 | D:2      | 2741 ||| READING scroll labelled ONOUNIE BUZONA.
  2742 | D:2      | 2742 ||| DRINKING 3 amethyst potions.
  2743 | D:2      | 2743 ||| DROPPING 2 potions of lignification.
  2770 | D:3      | Noticed Grinder
  2772 | D:3      | Paralysed by Grinder for 4 turns
  2774 | D:3      | HP: 10/42 [gnoll/+0 flail (2)]
  2775 | D:3      | Slain by a gnoll

Levels and vault maps discovered:
D:1:      dreamdust_arrival_beginning_and_end, layout_loops_ring,
          dreamdust_ecumenical_altar_statues, chequers_serial_rivers_micro_a,
          minivault_11, kennysheep_another_room, minmay_misc_feat_ornament
D:2:      layout_basic, basic_altar, uniq_natasha
D:3:      layout_rooms, amcnicky_altar_gilded, uniq_grinder

Skill      XL: |  1  2  3  4  5 |
---------------+----------------+-----
Unarmed Combat | 1 2 3 4 |  4.0
Fighting       | 1 2 |  2.3
Shields        | 1 |  1.4
Armour         | |  0.1
Dodging        | |  1.7
Stealth        | |  2.1
Spellcasting   | |  1.7
Conjurations   | |  0.7
Fire Magic     | |  2.4

Action                   |  1- 3 |  4- 6 || total
-------------------------+-------+-------++-------
Melee: Unarmed           |    95 |    65 ||   160
       Punch             |     1 |       ||     1
Throw: Boomerang         |    32 |    14 ||    46
  Use: Scroll            |     4 |     1 ||     5
       Potion            |       |     1 ||     1
Armor: Robe              |     6 |       ||     6
       Chain mail        |    34 |    29 ||    63
Dodge: Dodged            |    40 |    16 ||    56
Block: Buckler           |     1 |     7 ||     8

Table legend:
 A = Non-vault XP
 B = Vault XP
 C = Vault XP percentage of total XP
 D = Non-vault monster count
 E = Vault monster count
 F = Vault count percentage of total count
                 A         B        C        D         E       F
            +---------+---------+-------+---------+---------+-------
      Total |     178 |      35 |  16.4 |      43 |       1 |   2.3
            +---------+---------+-------+---------+---------+-------
        D:1 |      37 |       0 |   0.0 |      22 |       0 |   0.0
        D:2 |     141 |      35 |  19.9 |      21 |       1 |   4.5
            +---------+---------+-------+---------+---------+-------
